 Dungeon Crawl Stone Soup version 0.30-a0-782-ge64f9170bb (webtiles) character file.

Game seed: 16238726747398258001

6407 HoaS the Marksgargoyle (level 10, -14/53 HPs)
             Began as a Gargoyle Hunter on Mar 7, 2023.
             Was an Elder of Zin.
             Demolished by Sonja
             ... wielding a +1 short sword of distortion
              (20 damage)
             ... on level 1 of the Lair of Beasts.
             The game lasted 00:15:05 (9562 turns).

HoaS the Marksgargoyle (Gargoyle Hunter)            Turns: 9562, Time: 00:15:06

Health: -14/53     AC: 18    Str: 15    XL:     10   Next: 98%
Magic:  13/13      EV: 11    Int: 10    God:    Zin [****..]
Gold:   2212       SH:  5    Dex: 17    Spells: 9/9 levels left

rFire   . . .      SeeInvis .    a - +4 shortbow (heavy)
rCold   + . .      Faith    .    (shield currently unavailable)
rNeg    + . .      Spirit   .    l - +0 acid dragon scales
rPois   ∞          Reflect  +    g - +1 helmet
rElec   +          Harm     .    (no cloak)
rCorr   +          Rampage  .    q - +0 pair of gloves
Will    .....                    o - +1 pair of boots
Stlth   ++                       x - amulet of reflection
HPRegen 0.28/turn                n - ring of protection from cold
MPRegen 0.13/turn                (no ring)

@: about to teleport, marked
A: sickness immunity, AC +7, negative energy resistance 1, electricity
resistance, torment resistance 1, petrification resistance
a: Renounce Religion, Recite, Vitalisation, Imprison, Donate Gold


You were on level 1 of the Lair of Beasts.
You worshipped Zin.
Zin was greatly pleased with you.
You visited 3 branches of the dungeon, and saw 11 of its levels.

You collected 2351 gold pieces.
You donated 139 gold pieces to Zin.

Inventory:

Hand Weapons
 a - a +4 heavy shortbow (weapon)
Missiles
 p - a throwing net
Armour
 g - a +1 helmet (worn)
 l - +0 acid dragon scales (worn)
 o - a +1 pair of boots (worn)
 q - a +0 pair of gloves (worn)
Jewellery
 n - a ring of protection from cold (left hand)
 x - an amulet of reflection (around neck)
 y - a ring of see invisible
Wands
 e - a wand of flame (6)
 h - a wand of acid (12)
 j - a wand of paralysis (5)
 s - a wand of mindburst (17)
Scrolls
 b - 3 scrolls of immolation
 c - a scroll of vulnerability
 k - 2 scrolls of magic mapping
 r - a scroll of brand weapon
 t - 4 scrolls of identify
 u - a scroll of poison
Potions
 d - 5 potions of curing
 f - a potion of resistance
 i - a potion of flight
 m - 2 potions of mutation


   Skills:
 - Level 2.1 Fighting
 * Level 15.7 Ranged Weapons
 - Level 1.5 Dodging
 - Level 1.1 Stealth
 - Level 5.0 Invocations


You had 9 spell levels left.
You didn't know any spells.
Your spell library contained the following spells:

 Spells                   Type           Power      Damage    Failure   Level
 Wereblood                Tmut           0%         N/A       63%         2
 Tukima's Dance           Hex            0%         N/A       85%         3
 Manifold Assault         Tloc           0%         N/A       99%         4
 Passage of Golubria      Tloc           0%         N/A       99%         4
 Yara's Violent Unravell  Hex/Tmut       0%         3d3       100%        5
 Dispersal                Tloc           0%         N/A       100%        6
 Summon Hydra             Summ           0%         N/A       100%        7
 Disjunction              Tloc           0%         N/A       100%        8
 Sublimation of Blood     Necr           Unusable   N/A       N/A         2

Dungeon Overview and Level Annotations

Branches:
Dungeon (9/15)             Temple (1/1) D:7            Lair (1/5) D:8
    Orc (0/2) D:9

Altars:
Ashenzari
Cheibriados
Dithmenos
Elyvilon
Fedhas
Gozag
Hepliaklqana
Kikubaaqudgha
Makhleb
Nemelex Xobeh
Okawaru
Qazlal
Ru
Sif Muna
Trog
Uskayaw
Vehumet
Wu Jian
Xom
Yredelemnul
Zin
The Shining One

Shops:
D:6 (

Annotations:
Lair:1 Sonja


Innate Abilities, Weirdness & Mutations

You are immune to sickness and miasma.
Your stone body is resilient. (AC +7)
You are immune to poison.
You resist negative energy. (rN+)
You are resistant to electric shocks. (rElec)
You are resistant to unholy torment.
You are immune to petrification.


Message History

You shoot an arrow. The arrow hits Sonja!
Sonja is moderately wounded.
Fire: a) +4 shortbow (heavy)
Press: ? - help, Q - select action, (/) - cycle Shift-Dir - straight line, f/p - Sonja
Aim: Sonja, wielding a +1 short sword of distortion and quivering curare-tipped darts (moderately wounded, 35% to hit)
You shoot an arrow.
The arrow hits the cane toad but does no damage.
The cane toad is lightly wounded.
You block the cane toad's attack.
The cane toad stings you but does no damage.
Fire: a) +4 shortbow (heavy)
Press: ? - help, Q - select action, (/) - cycle Shift-Dir - straight line, f/p - Sonja
Aim: Sonja, wielding a +1 short sword of distortion and quivering curare-tipped darts (moderately wounded, 35% to hit)
You shoot an arrow. The arrow hits the cane toad!!
The cane toad is almost dead.
The cane toad closely misses you.
Fire: a) +4 shortbow (heavy)
Press: ? - help, Q - select action, (/) - cycle Shift-Dir - straight line, f - cane toad
Aim: a cane toad (almost dead, 74% to hit)
You shoot an arrow. The arrow hits the cane toad.
The cane toad is almost dead.
The blink frog blinks!
The cane toad stings you but does no damage.
Fire: a) +4 shortbow (heavy)
Press: ? - help, Q - select action, (/) - cycle Shift-Dir - straight line, f/p - cane toad
Aim: a cane toad (almost dead, 74% to hit)
You shoot an arrow. The arrow hits the cane toad.
You kill the cane toad!
Sonja hits you but does no damage. Space warps around you.
* * * LOW HITPOINT WARNING * * *
Sonja hits you but does no damage. Sonja closely misses you.
Fire: a) +4 shortbow (heavy)
Press: ? - help, Q - select action, (/) - cycle Shift-Dir - straight line, f - Sonja
Aim: Sonja, wielding a +1 short sword of distortion and quivering curare-tipped darts (moderately wounded, 35% to hit)
You shoot an arrow. The arrow completely misses Sonja.
Sonja barely misses you. x3
As you read the scroll of teleportation, it crumbles to dust.
You feel strangely unstable. Sonja hits you but does no damage.
Space warps horribly around you!!
You die...

..... ..#
..... ...#
..[ #....
##..# .....
#....
...#......
.....
P..#F.....
.....
#.........
#....
##..#......
....l
#@..#......
#....
##K.l.F....
#...(
#...F......
#....
#...#F.....
#.#.. #....
#.### . #++
##.... ..
#..... .. .
#...... ..
#....... ..


You could see a komodo dragon, a cane toad, 3 blink frogs and Sonja.

Vanquished Creatures
  A skyshark (Lair:1)
  A cane toad (Lair:1)
  An elephant (Lair:1)
  A komodo dragon (D:7)
  Maggie (D:9)
  A wyvern (D:9)
  2 yaks (D:7)
  3 steam dragons
  Menkaure (D:7)
  4 water moccasins
  An orc warrior (D:6)
  A sky beast (D:6)
  A black bear (D:8)
  4 phantoms
  5 kobold brigands
  2 necrophages
  2 gnoll sergeants
  5 bullfrogs
  3 scorpions
  6 wights
  5 killer bees (D:8)
  4 howler monkeys
  3 hounds
  6 jellies
  5 orc priests
  6 iguanas
  Natasha (D:2)
  6 orc wizards
  6 adders
  12 gnolls
  3 ufetubi
  2 worms
  2 dart slugs
  27 orcs
  5 endoplasms
  3 giant cockroaches
  7 goblins
  3 hobgoblins
  4 jackals (D:2)
  22 kobolds
  7 quokkas
  7 ball pythons
  2 bats (D:2)
  3 frilled lizards
  4 rats
201 creatures vanquished.

Vanquished Creatures (others)
  A human (D:4)
  38 fungi
  39 plants
78 creatures vanquished.

Grand Total: 279 creatures vanquished

Notes
Turn   | Place    | Note
-------+----------+-------------------------------------------
     0 | D:1      | HoaS the Gargoyle Hunter began the quest for the Orb.
     0 | D:1      | Reached XP level 1. HP: 12/12 MP: 1/1
   234 | D:1      | Found a faded altar of an unknown god.
   324 | D:1      | Reached XP level 2. HP: 17/17 MP: 2/2
   902 | D:2      | Noticed Natasha
   910 | D:2      | Noticed a crimson imp
   918 | D:2      | Noticed a crimson imp
   919 | D:2      | Killed Natasha
   920 | D:2      | Reached skill level 5 in Ranged Weapons
   920 | D:2      | Reached XP level 3. HP: 5/21 MP: 3/3
  1021 | D:2      | Reached XP level 4. HP: 26/26 MP: 4/4
  1777 | D:3      | Reached skill level 6 in Ranged Weapons
  1853 | D:3      | Reached XP level 5. HP: 30/30 MP: 5/5
  2450 | D:3      | Identified a scroll of acquirement
  2450 | D:3      | Acquired 849 gold pieces
  2512 | D:4      | Found an ancient bone altar of Kikubaaqudgha.
  2513 | D:4      | Noticed a human
  2517 | D:4      | Killed a human
  2551 | D:4      | Found Qagura's CLEARANCE SALE!.
  2753 | D:4      | Reached skill level 7 in Ranged Weapons
  2753 | D:4      | Reached XP level 6. HP: 27/35 MP: 6/6
  2784 | D:4      | Found a shimmering blue altar of Sif Muna.
  3101 | D:4      | Reached skill level 8 in Ranged Weapons
  3176 | D:4      | Found an opulent altar of Gozag.
  3756 | D:5      | Entered Level 5 of the Dungeon
  3759 | D:5      | Reached XP level 7. HP: 40/40 MP: 7/7
  4069 | D:5      | Reached skill level 9 in Ranged Weapons
  4562 | D:5      | Reached XP level 8. HP: 44/44 MP: 8/8
  4577 | D:5      | Acquired 1092 gold pieces
  4767 | D:6      | Found Vyfilyun's Weapon Emporium.
  4917 | D:6      | Found a glowing golden altar of the Shining One.
  4951 | D:6      | Reached skill level 10 in Ranged Weapons
  5068 | D:6      | Identified the +9 short sword of the Boiling Point {flame,
                  | Will+}
  5433 | D:6      | Reached skill level 11 in Ranged Weapons
  5532 | D:6      | Reached XP level 9. HP: 21/48 MP: 9/9
  5699 | D:7      | Found an iron altar of Okawaru.
  5777 | D:7      | Found a basalt altar of Yredelemnul.
  5833 | D:7      | Reached skill level 12 in Ranged Weapons
  5975 | D:7      | Found a shadowy altar of Dithmenos.
  6189 | D:7      | Found a staircase to the Ecumenical Temple.
  6390 | Temple   | Entered the Ecumenical Temple
  6523 | Temple   | Became a worshipper of Zin the Law-Giver
  6523 | Temple   | Reached * piety under Zin
  6523 | Temple   | Reached ** piety under Zin
  6650 | D:7      | Noticed Menkaure
  6652 | D:7      | Killed Menkaure
  6653 | D:7      | Reached skill level 1 in Invocations
  6661 | D:7      | Reached *** piety under Zin
  7086 | D:8      | Noticed a komodo dragon
  7302 | D:7      | Reached skill level 13 in Ranged Weapons
  7652 | D:7      | Killed a komodo dragon
  7653 | D:7      | Reached XP level 10. HP: 53/53 MP: 13/13
  7759 | D:8      | Reached skill level 5 in Invocations
  7835 | D:8      | Found a staircase to the Lair.
  8526 | D:9      | Reached skill level 14 in Ranged Weapons
  8601 | D:9      | Noticed Maggie
  8611 | D:9      | Killed Maggie
  8632 | D:9      | Found a hazy altar of Hepliaklqana.
  8928 | D:9      | Found an ornate altar of the Wu Jian Council.
  8935 | D:9      | Reached **** piety under Zin
  9062 | D:9      | Found a staircase to the Orcish Mines.
  9131 | D:9      | Reached skill level 15 in Ranged Weapons
  9220 | D:9      | Found a white marble altar of Elyvilon.
  9220 | D:9      | Found a sparkling altar of Nemelex Xobeh.
  9432 | Lair:1   | Entered Level 1 of the Lair of Beasts
  9435 | Lair:1   | Noticed a skyshark
  9448 | Lair:1   | Killed a skyshark
  9516 | Lair:1   | Noticed an elephant
  9517 | Lair:1   | Noticed an elephant
  9535 | Lair:1   | Killed an elephant
  9540 | Lair:1   | Noticed an elephant
  9548 | Lair:1   | Noticed a cane toad
  9548 | Lair:1   | Noticed a cane toad
  9550 | Lair:1   | Noticed Sonja
  9550 | Lair:1   | Noticed a cane toad
  9560 | Lair:1   | Killed a cane toad
  9562 | Lair:1   | Demolished by Sonja

Illustrated notes

Levels and vault maps discovered:
D:1:      ebering_trefoil_twist, layout_basic, ebering_ecumenical_altar_webs,
          fountainhead, minmay_misc_feat_secret_circle,
          minmay_misc_feat_enclosed, minmay_crystal_water,
          chequers_serial_rivers_marsh, minmay_distorted
D:2:      layout_loops_ring, minivault_27, uniq_natasha
D:3:      layout_basic
D:4:      layout_loops_cross, tgw_kikubaaqudgha,
          mainiacjoe_overflow_small_starburst, grunt_gozag_statues,
          serial_co_window_serial, co_window_cross_1, co_window_corner_a,
          co_window_corner_a, co_window_corner_a, co_window_cross_1,
          co_window_broadway_a, co_window_corner_b, co_window_paths_c,
          co_window_corner_cb, co_window_broadway_a, co_window_4corner_b,
          co_window_paths_e, glass_columns_a, glass_columns_a,
          nicolae_shop_clearance
D:5:      layout_basic
D:6:      minmay_razor_zed, layout_rooms, tso_metal_star, serial_shops, shop
D:7:      nicolae_cairo_tiling_large, layout_cave_pods,
          mainiacjoe_overflow_boulevard, grunt_dithmenos_smoke,
          nicolae_overflow_crystal_walls, temple_fountains, uniq_menkaure
D:8:      layout_gridville, due_lair_maze_entry_diamond, minmay_misc_feat_chi,
          feat_on_display
D:9:      layout_basic, old_standard_altar, gammafunk_temple_overflow_wave,
          mainiacjoe_overflow_catwalk, orc_0_dummy, uniq_maggie
Temple:   jpeg_temple_clearing
Lair:1:   layout_chaotic_city, infiniplex_staircase_pool_2, lemuel_fruit_tree,
          uniq_sonja

Skill      XL: |  1  2  3  4  5  6  7  8  9 10 |
---------------+-------------------------------+-----
Ranged Weapons | 5 6 7 8 9 11 13 15 | 15.7
Invocations    | 4 5 |  5.0
Fighting       | |  2.1
Dodging        | |  1.5
Stealth        | |  1.1

Action                     |  1- 3 |  4- 6 |  7- 9 | 10-12 || total
---------------------------+-------+-------+-------+-------++-------
   Fire: Shortbow          |    73 |   147 |   214 |   165 ||   599
    Use: Scroll            |     4 |     9 |    10 |     5 ||    28
         Potion            |       |       |     1 |     2 ||     3
 Armour: Leather armour    |    14 |    46 |    87 |    25 ||   172
         Acid dragon scale |       |       |       |    33 ||    33
  Dodge: Dodged            |    17 |    35 |   108 |    77 ||   237
  Block: Other             |       |       |       |     9 ||     9
         Reflection        |       |       |       |     2 ||     2

Table legend: (Time is in decaauts)
 A = Elapsed time spent in this place.
 B = Non-inter-level travel time spent in this place.
 C = Inter-level travel time spent in this place.
 D = Time resting spent in this place.
 E = Time spent auto-exploring this place.
 F = Levels seen in this place.
 G = Mean time per level.
                   A        B        C        D        E       F      G
               +--------+--------+--------+--------+--------+-----+--------+
         Total |   9839 |   9282 |    557 |   1235 |   6567 |  11 |  894.5 |
       Dungeon |   9560 |   9025 |    535 |   1172 |   6453 |   9 | 1062.2 |
        Temple |    143 |    122 |     21 |      0 |    110 |   1 |  143.0 |
          Lair |    134 |    134 |      0 |     63 |      4 |   1 |  134.0 |
               +--------+--------+--------+--------+--------+-----+--------+

Top non-repeatable levels by time:
     D:7: 1673 daAuts
     D:4: 1291 daAuts
     D:8: 1199 daAuts
     D:6: 1046 daAuts
     D:3: 969 daAuts
     D:5: 931 daAuts
     D:1: 819 daAuts
     D:2: 815 daAuts
     D:9: 814 daAuts
  Temple: 143 daAuts
  Lair:1: 134 daAuts
